 Dungeon Crawl Stone Soup version 0.20.0-8-g6b59dc7 (webtiles) character file.

679 anfisbena the Skirmisher (level 7, -2/76 HPs)
             Began as an Ogre Hunter on May 30, 2017.
             Was a Follower of Okawaru.
             Slain by a sky beast (5 damage)
             ... on level 5 of the Dungeon.
             The game lasted 00:06:38 (7402 turns).

anfisbena the Skirmisher (Ogre Hunter)              Turns: 7402, Time: 00:06:39

Health: -2/76      AC:  3    Str: 17    XL:     7   Next: 60%
Magic:  0/7        EV: 10    Int: 12    God:    Okawaru [*.....]
Gold:   306        SH:  0    Dex: 13    Spells: 6/6 levels left

rFire    . . .     SeeInvis .   h - +0 giant spiked club
rCold    . . .     Gourm    .   (shield currently unavailable)
rNeg     . . .     Faith    .   t - +0 robe (curse)
rPois    .         Spirit   +   (helmet restricted)
rElec    .         Reflect  .   (no cloak)
rCorr    .         Harm     .   (gloves unavailable)
MR       .....                  (boots unavailable)
Stlth    +.........             i - amulet of guardian spirit
Regen    0.3/turn               (no ring)
MPRegen  0.1/turn               (no ring)

@: no status effects
A: unfitting armour, hooves 1, agile 1, tough skin 1
a: Heroism, Renounce Religion


You were on level 5 of the Dungeon.
You worshipped Okawaru.
Okawaru was aware of your devotion.
You were not hungry.

You visited 1 branch of the dungeon, and saw 5 of its levels.

You collected 306 gold pieces.

Inventory:

Hand Weapons
 b - a +0 flail
 h - a +0 giant spiked club (weapon)
Missiles
 c - 5 large rocks (quivered)
 d - 2 throwing nets
Armour
 t - a cursed +0 robe (worn)
Jewellery
 i - an amulet of guardian spirit (around neck)
Wands
 o - a wand of flame (23/48)
Scrolls
 a - a scroll of blinking {unknown}
 e - a scroll of magic mapping {unknown}
 g - 3 scrolls of teleportation
 j - 2 scrolls of remove curse {unknown}
 k - a scroll of noise {unknown}
 n - a scroll of identify {unknown}
 q - 2 scrolls of enchant weapon {unknown}
 r - 3 scrolls of immolation {unknown}
 v - a scroll of fog {unknown}
Potions
 l - 3 potions of curing
 u - a potion of cancellation
Comestibles
 f - 2 bread rations
 m - 2 fruits


   Skills:
 + Level 6.8 Fighting
 * Level 5.7 Maces & Flails
 - Level 4.0 Throwing
 - Level 1.7 Dodging
 - Level 0.6 Stealth


You had 6 spell levels left.
You didn't know any spells.

Dungeon Overview and Level Annotations

Branches:
Dungeon (5/15)
 Temple: D:4-7

Altars:
Hepliaklqana
Okawaru
Trog
Yredelemnul
Zin

Shops:
D:4 *


Innate Abilities, Weirdness & Mutations

You are too large for most types of armour.
You have tough skin. (AC +1)
You have large cloven feet.
You are agile. (Dex +2)


Message History

* * * LOW HITPOINT WARNING * * *
You hit the sky beast.
You kick the sky beast, but do no damage.
The sky beast is almost dead.
The sky beast hits you but does no damage.
The sky beast hits you.
* * * LOW HITPOINT WARNING * * *
The sky beast shocks you.
* * * LOW HITPOINT WARNING * * *
You barely miss the sky beast.
You kick the sky beast, but do no damage.
The sky beast is almost dead.
The sky beast hits you but does no damage.
You hit the sky beast.
You kick the sky beast, but do no damage.
The sky beast is almost dead.
The sky beast hits you.
* * * LOW HITPOINT WARNING * * *
The sky beast shocks you.
You die...

....... #..... .......
.................# #..... .......
.................###.....
.........................##......
.....................#...##......
......................#..#.......
......................#..#.......
.........................#.......
................@Y...............
.....................##...##.....
............###....#####....##...
#..........###....## #....#.....
##.........##.....# #...#####.#
##.##....#..##..## #..## #...
##..###....####..# #.## #.##
#...# ###.## ##.# #.. #### .##.#
#.## ### #.#


You could see a sky beast.

Vanquished Creatures
  A phantom (D:4)
  2 ogres (D:4)
  A big kobold (D:4)
  A hound (D:5)
  An orc priest (D:4)
  A bullfrog skeleton (D:4)
  2 worker ants (D:4)
  4 gnolls (D:3)
  5 adders
  7 worms
  4 dart slugs
  A leopard gecko (D:4)
  6 orcs (D:4)
  5 bats
  6 giant cockroaches
  6 hobgoblins
  27 kobolds
  3 quokkas
  A ball python (D:2)
  11 frilled lizards
  11 goblins
  3 rats
109 creatures vanquished.

Vanquished Creatures (others)
  5 plants (D:4)
5 creatures vanquished.

Grand Total: 114 creatures vanquished

Notes
Turn   | Place    | Note
-------+----------+-------------------------------------------
     0 | D:1      | anfisbena the Ogre Hunter began the quest for the Orb.
     0 | D:1      | Reached XP level 1. HP: 22/22 MP: 1/1
    56 | D:1      | Reached skill level 3 in Fighting
   383 | D:1      | Reached XP level 2. HP: 28/32 MP: 2/2
  1030 | D:1      | Reached skill level 1 in Maces & Flails
  1273 | D:2      | Reached XP level 3. HP: 36/39 MP: 3/3
  1335 | D:2      | Reached skill level 4 in Fighting
  1758 | D:2      | Found a bloodstained altar of Trog.
  2572 | D:2      | You fall through a shaft for 2 floors!
  2621 | D:4      | Found a basalt altar of Yredelemnul.
  2628 | D:4      | Found Nufusch's Assorted Antiques.
  2634 | D:4      | Reached XP level 4. HP: 43/49 MP: 4/4
  2964 | D:4      | Noticed a big kobold
  2981 | D:4      | Killed a big kobold
  2981 | D:4      | Reached skill level 5 in Fighting
  2981 | D:4      | Reached XP level 5. HP: 35/57 MP: 5/5
  4805 | D:3      | Reached XP level 6. HP: 61/66 MP: 6/6
  5461 | D:3      | Found a glowing silver altar of Zin.
  5754 | D:4      | Found an iron altar of Okawaru.
  5762 | D:4      | Became a worshipper of Warmaster Okawaru
  5860 | D:4      | Found a hazy altar of Hepliaklqana.
  5947 | D:4      | Noticed a phantom
  5964 | D:4      | Killed a phantom
  6118 | D:4      | Reached skill level 6 in Fighting
  6402 | D:4      | Reached skill level 5 in Maces & Flails
  6402 | D:4      | Reached XP level 7. HP: 32/75 MP: 2/7
  6824 | D:4      | Gained mutation: You are agile. (Dex +2) [potion of mutation]
  6824 | D:4      | Gained mutation: You have large cloven feet. [potion of mutation]
  6830 | D:4      | Reached * piety under Okawaru
  7265 | D:5      | Entered Level 5 of the Dungeon
  7402 | D:5      | HP: 3/76 [sky beast (3)]
  7402 | D:5      | Slain by a sky beast

Skill      XL: |  1  2  3  4  5  6 |
---------------+-------------------+-----
Fighting       | 3 4 5 6 |  6.8
Maces & Flails | 1 2 3 5 |  5.7
Throwing       | |  4.0
Dodging        | |  1.7
Stealth        | |  0.6

Action                   |  1- 3 |  4- 6 |  7- 9 || total
-------------------------+-------+-------+-------++-------
Melee: Short sword       |    19 |       |       ||    19
       Mace              |   116 |   191 |       ||   307
       Flail             |       |   108 |    14 ||   122
       Giant spiked club |       |       |    17 ||    17
       Kick              |       |       |     6 ||     6
Throw: Large rock        |     4 |       |       ||     4
  Use: Potion            |     1 |     3 |     3 ||     7
       Scroll            |       |     1 |       ||     1
 Stab: Sleeping          |     2 |       |       ||     2
  Eat: Chunk             |     6 |    12 |     3 ||    21
Armor: Robe              |    42 |    57 |     7 ||   106
Dodge: Dodged            |    78 |   163 |    12 ||   253
